 Dungeon Crawl Stone Soup version 0.22-a0-782-g038298e (webtiles) character file.

5894 Amnesiac the Thaumaturge (level 10, -2/67 HPs)
             Began as a Mummy Earth Elementalist on July 20, 2018.
             Was an Elder of Dithmenos.
             Slain by an elephant (14 damage)
             ... on level 9 of the Dungeon.
             The game lasted 00:16:27 (9484 turns).

Amnesiac the Thaumaturge (Mummy Earth Elementalist) Turns: 9484, Time: 00:16:27

Health: -2/67      AC:  4    Str: 12    XL:     10   Next: 53%
Magic:  8/33       EV: 13    Int: 18    God:    Dithmenos [****..]
Gold:   413        SH:  0    Dex: 12    Spells: 9/29 levels left

rFire    . . .     SeeInvis .   a - +7 hand axe of Vuuc {protect, rN+ MP+9}
rCold    + + .     Gourm    .   (no shield)
rNeg     + + +     Faith    .   c - +0 robe
rPois    ∞         Spirit   .   (no helmet)
rElec    .         Reflect  .   u - +0 cloak (curse)
rCorr    .         Harm     .   (no gloves)
MR       +....                  n - +0 pair of boots
Stlth    ++........             (no amulet)
HPRegen  0.21/turn              l - ring of protection from fire
MPRegen  0.23/turn              o - ring of protection from cold

@: wreathed by umbra
A: no food or potions, fire vulnerability, cold resistance 1, negative energy
resistance 3, torment resistance, unbreathing
a: Shadow Step, Renounce Religion


You were on level 9 of the Dungeon.
You worshipped Dithmenos.
Dithmenos was greatly pleased with you.
You were not hungry.

You visited 1 branch of the dungeon, and saw 9 of its levels.

You collected 413 gold pieces.

Inventory:

Hand Weapons
 a - the +7 hand axe of Vuuc (weapon) {protect, rN+ MP+9}
   (You found it on level 4 of the Dungeon)

   It protects the one who uses it against injury (+AC on strike).
   It protects you from negative energy.
   It affects your magic capacity (+9).
Missiles
 b - 8 needles of paralysis
 m - 216 stones (quivered)
 q - 187 arrows
Armour
 c - a +0 robe (worn)
 f - a +0 shield
 n - a +0 pair of boots (worn)
 u - a cursed +0 cloak (worn)
Jewellery
 l - a ring of protection from fire (left hand)
 o - a ring of protection from cold (right hand)
 r - an uncursed ring of teleportation
Wands
 j - a wand of random effects (31)
 t - a wand of iceblast (16)
 w - a wand of enslavement (11)
Scrolls
 d - 4 scrolls of identify {!r}
 e - 2 scrolls of remove curse {!r}
 g - 5 scrolls of enchant armour {!r}
 h - 3 scrolls of fog {!r}
 i - a scroll of enchant weapon {!r}
 k - a scroll of amnesia {!r}
 p - 2 scrolls of magic mapping {!r}
 s - 2 scrolls of fear {!r, unknown}
 v - a scroll of summoning {!r, unknown}


   Skills:
 + Level 1.7 Fighting
 * Level 2.8 Dodging
 - Level 1.5 Stealth
 * Level 2.9 Shields
 - Level 10.1 Spellcasting
 + Level 4.0 Transmutations
 - Level 10.1 Earth Magic


You had 9 spell levels left.
You knew the following spells:

 Your Spells              Type           Power        Failure   Level  Hunger
a - Stone Arrow           Conj/Erth      ####..       3%          3    N/A
b - Passwall              Tmut/Erth      ####....     1%          2    N/A
c - Sandblast             Erth           #####.       1%          1    N/A
d - Lee's Rapid Deconstr  Erth           #####.....   3%          5    N/A
e - Petrify               Tmut/Erth      ####....     4%          4    N/A
f - Sticks to Snakes      Tmut           ###.....     2%          2    N/A
g - Ozocubu's Armour      Chrm/Ice       #.......     24%         3    N/A

Your spell library contained the following spells:

 Spells                   Type           Power        Failure   Level  Hunger
 Confuse                  Hex            #.......     24%         3    N/A
 Throw Frost              Conj/Ice       #.....       12%         2    N/A
 Freeze                   Ice            #...         8%          1    N/A
 Summon Ice Beast         Ice/Summ       #.......     61%         4    N/A
 Tukima's Dance           Hex            #.......     24%         3    N/A
 Spider Form              Tmut/Pois      ###.......   11%         3    N/A
 Blade Hands              Tmut           ###.......   38%         5    N/A
 Ice Form                 Ice/Tmut       ###.....     34%         4    N/A
 Throw Icicle             Conj/Ice       #.......     61%         4    N/A
 Ensorcelled Hibernation  Hex/Ice        #.....       12%         2    N/A
 Corona                   Hex            #......      8%          1    N/A
 Beastly Appendage        Tmut           ###...       1%          1    N/A
 Dazzling Spray           Conj/Hex       #.....       24%         3    N/A

Dungeon Overview and Level Annotations

Branches:
Dungeon (9/15)             Temple (0/1) D:7            Lair (0/6) D:9
    Orc: D:9-12

Altars:
Ashenzari
Dithmenos
Elyvilon
Fedhas
Hepliaklqana
Kikubaaqudgha
Makhleb
Okawaru
Qazlal
Trog
Wu Jian
Xom
Yredelemnul

Shops:
D:7 *

Annotations:
D:3 2 transporters, eyesofgods1's ghost, amateur DgFi


Innate Abilities, Weirdness & Mutations

You do not eat or drink.
Your flesh is vulnerable to fire.
You are immune to poison.
Your flesh is cold resistant. (rC+)
You are immune to negative energy. (rN+++)
You are immune to unholy pain and torment.
You can survive without breathing.


Message History

The blast of rock fragments hits the elephant.
The elephant is moderately wounded.
The blast of rock fragments hits the hound skeleton.
You destroy the hound skeleton!
Dithmenos accepts your kill.
Your shadow now sometimes tangibly mimics your actions.
Unknown command.
Casting: Lee's Rapid Deconstruction (safe; 3% risk of failure)
Confirm with . or Enter, or press ? or * to list all spells.
Aiming: Lee's Rapid Deconstruction (safe; 3% risk of failure)
Press: ? - help, Dir - move target cursor, f - crocodile, p - yak Fragment what (e.g. wall or brittle monster)?: a crocodile (severely wounded, umbra)
An open door.
The door shatters!
The blast of rock fragments hits the crocodile.
You kill the crocodile!
Dithmenos accepts your kill.
The blast of rock fragments hits the elephant.
The elephant is heavily wounded.
The blast of rock fragments hits the yak.
The yak is almost dead.
The yak gores you!
Unknown command.
Casting: Lee's Rapid Deconstruction (safe; 3% risk of failure)
Confirm with . or Enter, or press ? or * to list all spells.
Aiming: Lee's Rapid Deconstruction (safe; 3% risk of failure)
Press: ? - help, Dir - move target cursor, f - elephant Fragment what (e.g. wall or brittle monster)?: an elephant (moderately wounded, umbra)
An open door.
The door shatters!
The blast of rock fragments hits the elephant.
The elephant is heavily wounded.
The blast of rock fragments hits the yak.
You kill the yak!
Dithmenos accepts your kill.
Your Transmutations skill increases to level 4!
Unknown command.
Casting: Lee's Rapid Deconstruction (safe; 3% risk of failure)
Confirm with . or Enter, or press ? or * to list all spells.
Aiming: Lee's Rapid Deconstruction (safe; 3% risk of failure)
Press: ? - help, Dir - move target cursor, p - elephant A rock wall.
This square is wreathed by an umbra.
The wall shatters!
The blast of rock fragments hits the elephant.
The elephant is heavily wounded.
The elephant tramples you!
You stumble backwards!
Unknown command.
You slash the elephant!
Your weapon exudes an aura of protection.
The elephant is heavily wounded.
The elephant tramples you!
* * * LOW HITPOINT WARNING * * *
You stumble backwards!
Unknown command.
Unknown command.
The elephant tramples you!!
* * * LOW HITPOINT WARNING * * *
You stumble backwards!
There is an open door here.
There is a stone staircase leading up here.
Okay, then.
You open the door. The elephant tramples you!
You die...

####+### ####+#######
#..........#
#..........# #
#..........# ###
#..........# ###..
####.......<..###...#
#..'@Y........'...###
..$..##..........#####
# ... #..........# # .
#.......>..# #
############ # #


You could see an elephant.

Vanquished Creatures
  A two-headed ogre (D:8)
  A moth of wrath (D:5)
  Grinder (D:6)
  Prince Ribbit (D:6)
  2 hippogriffs
  A yak (D:9)
  A basilisk (D:9)
  2 orc warriors (D:6)
  An ice beast (D:8)
  4 sky beasts
  A hornet zombie (D:8)
  A black bear (D:8)
  A phantom (D:8)
  5 ogres
  5 centaurs
  A crocodile (D:9)
  A big kobold (D:7)
  A bullfrog (D:6)
  10 killer bees
  5 wights
  5 crimson imps
  2 jellies
  Crazy Yiuf (D:7)
  2 hounds
  A bullfrog skeleton (D:6)
  A bullfrog zombie (D:7)
  An orc priest (D:7)
  2 orc wizards (D:8)
  3 centaur skeletons
  An iguana (D:7)
  7 worker ants
  A hound zombie (D:7)
  A hound skeleton (D:9)
  A worker ant zombie (D:6)
  6 adders
  20 gnolls
  A howler monkey skeleton (D:6)
  A worm (D:2)
  4 dart slugs (D:1)
  5 leopard geckos
  27 orcs
  5 bats
  2 giant cockroaches (D:7)
  2 goblins
  7 hobgoblins
  7 jackals (D:5)
  10 kobolds
  4 quokkas
  A ball python (D:6)
  A frilled lizard (D:2)
  A leopard gecko skeleton (D:5)
  A quokka skeleton (D:6)
  A quokka zombie (D:5)
  17 rats
  2 rat zombies (D:7)
200 creatures vanquished.

Vanquished Creatures (others)
  An ogre (D:6)
  A big kobold (D:6)
  An adder (D:6)
  2 orcs (D:6)
5 creatures vanquished.

Grand Total: 205 creatures vanquished

Notes
Turn   | Place    | Note
-------+----------+-------------------------------------------
     0 | D:1      | Amnesiac the Mummy Earth Elementalist began the quest for the Orb.
     0 | D:1      | Reached XP level 1. HP: 13/13 MP: 4/4
   171 | D:1      | Reached XP level 2. HP: 12/19 MP: 5/5
   175 | D:1      | Learned a level 2 spell: Passwall
   661 | D:2      | Reached XP level 3. HP: 19/24 MP: 7/7
   764 | D:2      | Found a shadowy altar of Dithmenos.
   770 | D:2      | Became a worshipper of Dithmenos the Shadowed
  1003 | D:2      | Reached XP level 4. HP: 30/30 MP: 1/9
  1401 | D:2      | Found a basalt altar of Yredelemnul.
  1401 | D:2      | Found a stormy altar of Qazlal.
  1908 | D:3      | Noticed an ogre
  1908 | D:3      | Noticed an ogre
  1908 | D:3      | Noticed eyesofgods1's ghost (amateur DgFi)
  1908 | D:3      | Noticed an ogre
  1918 | D:3      | Reached XP level 5. HP: 32/35 MP: 4/11
  1982 | D:3      | Found a transporter.
  2019 | D:3      | Found a transporter.
  2109 | D:3      | Found a burning altar of Makhleb.
  2110 | D:3      | Found a white marble altar of Elyvilon.
  2464 | D:3      | Learned a level 5 spell: Lee's Rapid Deconstruction
  2468 | D:3      | Learned a level 3 spell: Stone Arrow
  2812 | D:3      | Reached * piety under Dithmenos
  3466 | D:4      | Got a transparent hand axe
  3469 | D:4      | Identified the +7 hand axe of Vuuc {protect, rN+ MP+9} (You found it on level 4 of the Dungeon)
  3483 | D:4      | Reached XP level 6. HP: 28/41 MP: 13/13
  3687 | D:4      | Reached skill level 5 in Spellcasting
  3687 | D:4      | Reached skill level 5 in Earth Magic
  3788 | D:4      | Got an encrusted battleaxe
  4132 | D:5      | Entered Level 5 of the Dungeon
  4433 | D:5      | Noticed a moth of wrath
  4436 | D:5      | Found a bloodstained altar of Trog.
  4477 | D:5      | Killed a moth of wrath
  4477 | D:5      | Reached XP level 7. HP: 46/46 MP: 0/16
  4558 | D:5      | Learned a level 4 spell: Petrify
  4673 | D:5      | Found a hazy altar of Hepliaklqana.
  4706 | D:5      | Identified the cursed +0 battleaxe of Kuinuhug {drain, rPois} (You found it on level 4 of the Dungeon)
  4775 | D:5      | Reached XP level 8. HP: 37/52 MP: 18/18
  4948 | D:6      | Found a shimmering altar of Xom.
  4971 | D:6      | Reached ** piety under Dithmenos
  5215 | D:6      | Found an ornate altar of the Wu Jian Council.
  5274 | D:6      | Noticed Grinder
  5290 | D:6      | Killed Grinder
  5684 | D:6      | Reached XP level 9. HP: 40/57 MP: 12/21
  6032 | D:6      | Found an iron altar of Okawaru.
  6102 | D:6      | You fall through a shaft for 3 floors!
  6438 | D:6      | Noticed Prince Ribbit
  6441 | D:6      | Killed Prince Ribbit
  6733 | D:7      | Found Qepej Abecw's Assorted Antiques.
  6815 | D:7      | Found a staircase to the Ecumenical Temple.
  7131 | D:7      | Found a runed door.
  7135 | D:7      | Noticed Crazy Yiuf
  7136 | D:7      | Killed Crazy Yiuf
  7286 | D:7      | Reached *** piety under Dithmenos
  7515 | D:7      | Found an ancient bone altar of Kikubaaqudgha.
  8046 | D:8      | Reached skill level 10 in Spellcasting
  8046 | D:8      | Reached skill level 10 in Earth Magic
  8207 | D:8      | Reached skill level 1 in Shields
  8207 | D:8      | Reached skill level 1 in Transmutations
  8207 | D:8      | Reached XP level 10. HP: 63/63 MP: 14/24
  8603 | D:8      | Noticed a two-headed ogre
  8611 | D:8      | Killed a two-headed ogre
  8912 | D:8      | Reached skill level 1 in Fighting
  9112 | D:8      | Found a shattered altar of Ashenzari.
  9129 | D:8      | Learned a level 2 spell: Sticks to Snakes
  9133 | D:8      | Learned a level 3 spell: Ozocubu's Armour
  9413 | D:9      | Found a blossoming altar of Fedhas.
  9435 | D:9      | Found a staircase to the Lair.
  9435 | D:9      | Noticed an elephant
  9446 | D:9      | Reached **** piety under Dithmenos
  9484 | D:9      | Slain by an elephant

Vault maps used:
D:1:      lemuel_arrival_tunnels, corner_web_ring, minmay_bisected
D:2:      old_standard_altar, gammafunk_temple_overflow_wave
D:3:      gammafunk_temple_overflow_pools, gammafunk_ghost_smash
D:4:      first_ration
D:5:      old_standard_altar, tgw_trog
D:6:      okawaru_gym_becter, xom_confusion_cloud, lemuel_crystal_altar,
          uniq_prince_ribbit1, uniq_grinder
D:7:      lemuel_zombie_altar_kikubaaqudgha, temple_pool_b, serial_shops,
          nicolae_shop_statue_plus, minmay_tree_intersection,
          uniq_crazy_yiuf_cottage
D:8:      ashenzari_altar_1
D:9:      kennysheep_mini_moat, david_lair_generic, serial_shops,
          nicolae_shop_overgrown_old_shop, grunt_ogre_cave

Skill      XL: |  1  2  3  4  5  6  7  8  9 10 |
---------------+-------------------------------+-----
Spellcasting   | 3 4 6 8 10 | 10.1
Earth Magic    | 3 4 6 8 10 | 10.1
Shields        | 1 2 |  2.9
Transmutations | 1 4 |  4.0
Dodging        | 2 |  2.8
Fighting       | 1 |  1.7
Stealth        | |  1.5

Action                   |  1- 3 |  4- 6 |  7- 9 | 10-12 || total
-------------------------+-------+-------+-------+-------++-------
Melee: Short sword       |    47 |    65 |       |       ||   112
       Unarmed           |     3 |       |       |       ||     3
       Hand axe          |       |    23 |   148 |    21 ||   192
 Cast: Sandblast         |    33 |    31 |     5 |       ||    69
       Stone Arrow       |       |    36 |    70 |    35 ||   141
       Passwall          |       |     2 |       |       ||     2
       Lee's Rapid Decon |       |     3 |    21 |    13 ||    37
  Use: Scroll            |       |     5 |     6 |       ||    11
 Stab: Sleeping          |     1 |     4 |     4 |       ||     9
Armor: Robe              |    17 |     8 |    48 |    15 ||    88
Dodge: Dodged            |    51 |    69 |   157 |    31 ||   308

Table legend:
 A = Spawn XP
 B = Non-spawn XP
 C = Spawn XP percentage of total XP
 D = Spawn monster count
 E = Non-spawn monster count
 F = Spawn count percentage of total count
 G = Total turns spent on level
                    A         B        C        D         E        F      G
               +---------+---------+-------+---------+---------+-------+---------
         Total |       0 |    8421 |   0.0 |       0 |     200 |   0.0 |  9484
               +---------+---------+-------+---------+---------+-------+---------
           D:1 |       0 |      51 |   0.0 |       0 |      25 |   0.0 |   862
           D:2 |       0 |     104 |   0.0 |       0 |      20 |   0.0 |  1043
           D:3 |       0 |     204 |   0.0 |       0 |      23 |   0.0 |  1699
           D:4 |       0 |     279 |   0.0 |       0 |       8 |   0.0 |   750
           D:5 |       0 |    1041 |   0.0 |       0 |      26 |   0.0 |   894
           D:6 |       0 |    1665 |   0.0 |       0 |      28 |   0.0 |  1148
           D:7 |       0 |     912 |   0.0 |       0 |      33 |   0.0 |  1796
           D:8 |       0 |    2870 |   0.0 |       0 |      24 |   0.0 |   979
           D:9 |       0 |    1295 |   0.0 |       0 |      13 |   0.0 |   313
               +---------+---------+-------+---------+---------+-------+---------
